 Dungeon Crawl Stone Soup version 0.28-a0-674-gdaf460b524 (webtiles) character file.

Game seed: 17012452009688756293

179 Demosthentine the Poker (level 5, 0/41 HPs)
             Began as a Merfolk Gladiator on Oct 18, 2021.
             Slain by an orc priest (1 damage)
             ... on level 3 of the Dungeon.
             The game lasted 00:01:26 (1811 turns).

Demosthentine the Poker (Merfolk Gladiator)         Turns: 1811, Time: 00:01:26

Health: 0/41       AC:  4    Str: 15    XL:     5   Next: 59%
Magic:  5/5        EV: 14    Int:  7    God:
Gold:   43         SH:  0    Dex: 16    Spells: 4/4 levels left

rFire   + . .      SeeInvis .   a - +0 trident
rCold   + . .      Faith    .   (no shield)
rNeg    . . .      Spirit   .   b - +0 leather armour
rPois   +          Reflect  .   c - +0 helmet
rElec   +          Harm     .   (no cloak)
rCorr   +          Rampage  .   (no gloves)
Will    .....                   (no boots)
Stlth   +.........              (no amulet)
HPRegen 0.13/turn               (no ring)
MPRegen 0.09/turn               (no ring)

@: resistant, attractive
A: (nimble swimmer 2), mertail
a: no special abilities


You were on level 3 of the Dungeon.
You visited 1 branch of the dungeon, and saw 3 of its levels.

You collected 43 gold pieces.

Inventory:

Hand Weapons
 a - a +0 trident (weapon)
Missiles
 d - 5 throwing nets (quivered)
Armour
 b - a +0 leather armour (worn)
 c - a +0 helmet (worn)
Jewellery
 h - a ring of willpower
Scrolls
 e - 2 scrolls of immolation
 i - a scroll of identify {unknown}
 j - a scroll of holy word {unknown}


   Skills:
 + Level 3.6 Fighting
 + Level 5.8 Polearms
 - Level 2.0 Throwing
 + Level 1.6 Armour
 + Level 5.3 Dodging


You had 4 spell levels left.
You didn't know any spells.
Your spell library contained the following spells:

 Spells                   Type           Power      Damage    Failure   Level
 Passwall                 Tmut/Erth      0%         N/A       65%         2
 Swiftness                Air            0%         N/A       86%         3
 Invisibility             Hex            0%         N/A       100%        6


Dungeon Overview and Level Annotations

Branches:
Dungeon (3/15)

Altars:
Makhleb


Innate Abilities, Weirdness & Mutations

((You are quick and stealthy near water. (Stealth+, EV+, Speed+++)))
Your lower body shifts to a powerful aquatic tail in water.


Message History

The orc priest barely misses you.
Unknown command.
Unknown command.
Unknown command.
Reach: a) +0 trident
Press: ? - help, Dir - move target, f - you
Okay, then.
The orc throws a boomerang.
The boomerang barely misses you.
Reach: a) +0 trident
Press: ? - help, Dir - move target, f/p - orc priest
Aim: an orc priest, wielding a +2 vorpal mace (lightly wounded, about 38% to evade your +0 trident)
You reach to attack!
You hit the orc priest.
The orc priest is moderately wounded.
Unknown command.
You hit the orc priest.
The orc priest is severely wounded.
The orc priest hits you with a +2 vorpal mace.
You hit the orc priest.
The orc priest is almost dead.
The orc priest hits you with a +2 vorpal mace!
You hit the orc priest.
The orc priest is almost dead.
The orc priest invokes the aid of Beogh against you.
Beogh smites you!
The orc priest hits you with a +2 vorpal mace!
* * * LOW HITPOINT WARNING * * *
x2 Unknown command.
It was a potion of attraction.
You feel attractive to monsters.
The orc priest hits you with a +2 vorpal mace.
* * * LOW HITPOINT WARNING * * *
x2 It was a potion of resistance.
You feel protected. The orc priest barely misses you.
You puncture the orc priest!
You kill the orc priest!
Unknown command.
You barely miss the orc priest.
The orc priest hits you with a +0 hand axe.
You die...

#)#'####.# #
#........# .#
#...##.######.#
######.####........#
#..........##......#
#...>......##†.....##
#..........##........
######..#####......##
#....@oo......#
#.#####o......# #.#
#.####### #. #oo#
..... .......#
........# #..........
#........###


You could see an orc priest and 2 orcs.

Vanquished Creatures
  A howler monkey (D:3)
  A jelly (D:3)
  An orc priest (D:3)
  3 gnolls (D:2)
  2 worms
  4 orcs (D:3)
  3 ball pythons (D:2)
  6 endoplasms
  A giant cockroach (D:3)
  5 goblins
  3 hobgoblins (D:2)
  A quokka (D:1)
  6 bats
  4 frilled lizards
  4 kobolds (D:1)
  5 rats
50 creatures vanquished.

Notes
Turn   | Place    | Note
-------+----------+-------------------------------------------
     0 | D:1      | Demosthentine the Merfolk Gladiator began the quest for the
                  | Orb.
     0 | D:1      | Reached XP level 1. HP: 16/16 MP: 1/1
   154 | D:1      | Reached XP level 2. HP: 23/23 MP: 2/2
   757 | D:2      | Reached XP level 3. HP: 28/28 MP: 3/3
   761 | D:2      | Reached skill level 5 in Polearms
   764 | D:2      | Reached skill level 1 in Armour
   932 | D:2      | Reached XP level 4. HP: 29/35 MP: 4/4
  1477 | D:3      | Reached skill level 5 in Dodging
  1477 | D:3      | Reached XP level 5. HP: 22/41 MP: 5/5
  1774 | D:3      | Found a burning altar of Makhleb.
  1808 | D:3      | HP: 2/41 [orc priest (3)]
  1811 | D:3      | Slain by an orc priest

Illustrated notes

Levels and vault maps discovered:
D:1:      dpeg_arrival_rooms_b, layout_basic
D:2:      layout_basic
D:3:      layout_rooms, general_overflow_altar, elyvilon_altar_5,
          hellmonk_ecumenical_altar_heavens_door

Skill      XL: |  1  2  3  4 |
---------------+-------------+-----
Polearms       | 5 |  5.8
Armour         | 1 |  1.6
Fighting       | 3 |  3.6
Dodging        | 5 |  5.3
Throwing       | |  2.0

Action                   |  1- 3 |  4- 6 || total
-------------------------+-------+-------++-------
Melee: Trident           |    72 |    65 ||   137
  Use: Scroll            |     2 |     1 ||     3
       Potion            |       |     2 ||     2
 Stab: Sleeping          |     2 |     1 ||     3
Armor: Leather armour    |     8 |     2 ||    10
Dodge: Dodged            |    26 |    24 ||    50

Table legend: (Time is in decaauts)
 A = Elapsed time spent in this place.
 B = Non-inter-level travel time spent in this place.
 C = Inter-level travel time spent in this place.
 D = Time resting spent in this place.
 E = Time spent auto-exploring this place.
 F = Levels seen in this place.
 G = Mean time per level.
                   A        B        C        D        E       F      G
               +--------+--------+--------+--------+--------+-----+--------+
         Total |   1819 |   1801 |     18 |      0 |   1487 |   3 |  606.3 |
       Dungeon |   1819 |   1801 |     18 |      0 |   1487 |   3 |  606.3 |
               +--------+--------+--------+--------+--------+-----+--------+

Top non-repeatable levels by time:
     D:2: 1133 daAuts
     D:1: 469 daAuts
     D:3: 215 daAuts
